 Dungeon Crawl Stone Soup version 0.17-a0-1954-g0dddeaa (webtiles) character file.

982 4thArraOfDagon the Cleaver (level 8, -5/71 HPs)
             Began as a Hill Orc Berserker on Oct 3, 2015.
             Was a Follower of Trog.
             Slain by a wyvern (9 damage)
             ... on level 10 of the Dungeon.
             The game lasted 00:06:22 (1106 turns).

4thArraOfDagon the Cleaver (Hill Orc Berserker)     Turns: 1106, Time: 00:06:22

Health: -5/71      AC:  6    Str: 22    XL:     8   Next: 17%
Magic:  8/8        EV: 14    Int:  7    God:    Trog [*.....]
Gold:   186        SH:  0    Dex: 10    Spells: 0 memorised, 7 levels left

rFire  . . .     SeeInvis .     a - +0 hand axe
rCold  . . .     Clarity  .     d - +0 ring mail (curse)
rNeg   . . .     SustAt   .     (no shield)
rPois  .         Gourm    .     (no helmet)
rElec  .         Spirit   .     (no cloak)
rCorr  .         Warding  .     (no gloves)
rMut   .         Stasis   .     (no boots)
MR     .....                    (no amulet)
Stlth  ..........               (no ring)
                                g - +3 ring of evasion

@: exhausted, very slightly contaminated, hasted and slowed, drained, not
resistant to hostile enchantments, extremely unstealthy
A: no striking features
a: Burn Spellbooks, Berserk, Renounce Religion


You were on level 10 of the Dungeon.
You worshipped Trog.
Trog was aware of your devotion.
You were hungry.

You visited 1 branch of the dungeon, and saw 11 of its levels.

You collected 186 gold pieces.

Inventory:

Hand weapons
 a - a +0 hand axe (weapon)
Armour
 d - a cursed +0 ring mail (worn)
Magical staves
 m - an uncursed staff of air {unknown}
Jewellery
 g - a +3 ring of evasion (left hand)
 q - an uncursed ring of poison resistance {unknown}
Magical devices
 n - a wand of random effects (17)
 p - a wand of frost (29)
Scrolls
 f - 2 scrolls of remove curse {unknown}
Potions
 b - 2 potions of magic
 j - 2 potions of haste
 o - a potion of berserk rage
Books
 k - a book of Minor Magic

   Spells                             Type                      Level
   a - Magic Dart                     Conjuration                  1
   b - Blink                          Translocation                2
   c - Call Imp                       Summoning                    2
   d - Repel Missiles                 Charms/Air                   2
   e - Slow                           Hexes                        2
   f - Conjure Flame                  Conjuration/Fire             3
   g - Mephitic Cloud                 Conjuration/Poison/Air       3
   Trog disapproves of the use of such an item.
 r - a book of Changes

   Spells                             Type                      Level
   a - Beastly Appendage              Transmutation                1
   b - Sticks to Snakes               Transmutation                2
   c - Spider Form                    Transmutation/Poison         3
   d - Ice Form                       Ice/Transmutation            4
   e - Blade Hands                    Transmutation                5
   Trog disapproves of the use of such an item.
Comestibles
 c - 2 bread rations
 h - 3 meat rations
 l - 9 chunks of flesh


   Skills:
 + Level 6.4(6.2) Fighting
 * Level 9.5(9.3) Axes
 + Level 5.4(5.2) Armour
 - Level 1.5(1.4) Dodging


You had 7 spell levels left.
You didn't know any spells.

Dungeon Overview and Level Annotations

Branches:
Dungeon (11/15)
 Temple: D:4-7         Lair: D:8-11         Orc: D:9-12

Altars:

Annotations:
D:5 Appriser's ghost, experienced DrTm


Message History

You feel yourself slow down.
You are feeling hungry.
The wight misses you.
Unknown command.
Drink which item? (? for menu, Esc to quit)
You feel yourself speed up.
The wight hits you from afar with a halberd.
* * * LOW HITPOINT WARNING * * *
You are very lightly contaminated with residual magic.
Unknown command.
Unknown command.
Unknown command.
You see here a thin cabochon amulet.
Unknown command.
Unknown command.
A wyvern comes into view.
Unknown command.
Unknown command.
The wyvern bites you!
You die...

###............ .#
.............# # .#
###.........# .#.#
# #.........# ...#
# #.#..))...# #..#
###.#..).)..####..#
..#.#....)."..zz..#
#..#.###########l##
..###.# #@# #..#.#
#.# ..#..## #.#
.##...## #.#
.)))...## #.#
.......[# ..#
........... ###
#.......###
##.....##


You could see a wyvern and a wight.

Vanquished Creatures
  A hippogriff (D:10)
  An ice beast (D:10)
  A phantom (D:10)
  A centaur (D:5)
  A giant frog (D:10)
  A crimson imp (D:10)
  6 wights (D:10)
  3 orc priests (D:10)
  A centaur skeleton (D:10)
  A hound (D:10)
  A worker ant (D:5)
  An orc wizard (D:10)
  4 adders
  9 orcs
  A bat (D:1)
  A giant cockroach (D:3)
  2 goblins
  2 jackals (D:3)
  4 kobolds
  2 rats (D:1)
44 creatures vanquished.

Notes
Turn   | Place    | Note
--------------------------------------------------------------
     0 | D:1      | 4thArraOfDagon the Hill Orc Berserker began the quest for the Orb.
     0 | D:1      | Reached XP level 1. HP: 19/19 MP: 1/1
   128 | D:2      | Reached XP level 2. HP: 27/27 MP: 2/2
   184 | D:3      | Reached XP level 3. HP: 33/33 MP: 3/3
   272 | D:3      | Reached skill level 5 in Axes
   350 | D:5      | Entered Level 5 of the Dungeon
   354 | D:5      | Reached XP level 4. HP: 36/40 MP: 4/4
   406 | D:5      | Noticed a centaur
   411 | D:5      | Killed a centaur
   411 | D:5      | Reached skill level 6 in Axes
   411 | D:5      | Reached XP level 5. HP: 27/47 MP: 5/5
   447 | D:5      | Noticed Appriser's ghost (experienced DrTm)
   477 | D:6      | You fall through a shaft!
   740 | D:10     | Entered Level 10 of the Dungeon
   768 | D:10     | Noticed a phantom
   775 | D:10     | Reached skill level 5 in Fighting
   843 | D:11     | Noticed a green ugly thing
   844 | D:11     | Noticed a troll
   844 | D:11     | Noticed a shadow
   873 | D:10     | Acquired Trog's second power
   873 | D:10     | Reached XP level 6. HP: 56/56 MP: 6/6
   880 | D:10     | Reached skill level 7 in Axes
   954 | D:10     | Noticed a hippogriff
   955 | D:10     | Noticed an ice beast
   965 | D:10     | Killed a hippogriff
   967 | D:10     | Reached XP level 7. HP: 31/61 MP: 7/7
   972 | D:10     | Killed an ice beast
   972 | D:10     | Reached skill level 8 in Axes
   997 | D:10     | Killed a phantom
  1031 | D:10     | Reached skill level 5 in Armour
  1084 | D:10     | Reached skill level 9 in Axes
  1086 | D:10     | Reached XP level 8. HP: 13/70 MP: 8/8
  1086 | D:10     | HP: 5/105 [wight/hand axe (2)]
  1099 | D:10     | HP: 2/71 [wight/halberd (3)]
  1104 | D:10     | Noticed a wyvern
  1106 | D:10     | Slain by a wyvern

Vault maps used:
D:1:      lightli_arrival_statue_moat, minivault_25
D:2:      uniq_sigmund, uniq_robin
D:3:      old_standard_altar, overflow_temple_1_default, first_bread
D:4:      serial_bayou, serial_bayou_shore_b, serial_bayou_pond_b,
          serial_bayou_pond_b, serial_bayou_lagoon_a
D:5:      minivault_14
D:6:      minmay_temple_entry_enclosed_plants, serial_shops,
          kennysheep_mini_moat, hangedman_abyss_or_decor_lesser_grid,
          grunt_ministairs_3
D:7:      uniq_joseph
D:8:      grunt_temple_overflow_order_and_chaos_2, kennysheep_mini,
          minmay_lair_entry_lava, serial_shops, shop, the_bakery
D:9:      elyvilon_altar_3, erik_orc_1, serial_shops, shop, minmay_librarian
D:11:     serial_shops, shop, uniq_maurice

Action                   |  1- 3 |  4- 6 |  7- 9 || total
-------------------------+-------+-------+-------++-------
Melee: Hand axe          |    34 |    56 |    56 ||   146
Invok: Berserk           |     4 |     3 |     2 ||     9
       Trog's Hand       |       |     1 |     3 ||     4
Evoke: Wand              |       |       |     1 ||     1
  Use: Scroll            |       |     4 |       ||     4
       Potion            |       |       |     4 ||     4
 Stab: Sleeping          |     1 |       |       ||     1
  Eat: Chunk             |     1 |     5 |     4 ||    10
